 Dungeon Crawl Stone Soup version 0.16.1-4-g8e1b745 (webtiles) character file.

21683 inmateoo the Bludgeoner (level 12, 0/132 HPs)
             Began as an Ogre Berserker on Mar 26, 2015.
             Was an Elder of Trog.
             Slain by a death drake (shapeshifter) (3 damage)
             ... on level 13 of the Dungeon.
             The game lasted 00:25:49 (13280 turns).

inmateoo the Bludgeoner (Ogre Berserker)           Turns: 13280, Time: 00:25:49

Health: 0/132      AC: 14    Str: 27    XL:     12   Next: 92%
Magic:  12/12      EV:  9    Int: 10    God:    Trog [****..]
Gold:   954        SH: 15    Dex: 11    Spells: 0 memorised, 11 levels left

rFire  + + +     SeeInvis .     p - +1 flail (holy)
rCold  . . .     Clarity  .     f - +0 fire dragon armour
rNeg   + . .     SustAb   .     o - +5 shield of the Eleven Moons {rElec rF+ rN+ Int+4}
rPois  +         Gourm    .     (helmet restricted)
rElec  +         Spirit   .     T - +1 cloak {+Inv}
rCorr  .         Warding  .     (gloves unavailable)
rMut   .         Stasis   .     (boots unavailable)
MR     ++++.                    (no amulet)
Stlth  +.........               G - ring of protection from magic
                                O - ring of stealth

@: lethally poisoned (0 -> -6), regenerating, rotting, slowed, very slow,
incredibly resistant to hostile enchantments, very unstealthy
A: unfitting armour, cold resistance 1, mutation resistance 1, poison
resistance, tough skin 1
a: Burn Spellbooks, Berserk, Trog's Hand, Brothers in Arms, Renounce Religion,
Evoke Invisibility


You were on level 13 of the Dungeon.
You worshipped Trog.
Trog was greatly pleased with you.
You were hungry.

You visited 1 branch of the dungeon, and saw 13 of its levels.
You also visited: Labyrinth and Bailey.

You collected 954 gold pieces.

Inventory:

Hand weapons
 p - a +1 flail of holy wrath (weapon)
 y - a +3 mace of crushing
 C - a +0 morningstar
Missiles
 t - 11 large rocks (quivered)
Armour
 f - a +0 fire dragon armour (worn)
 o - the +5 shield of the Eleven Moons (worn) {rElec rF+ rN+ Int+4}
   (You found it in a bailey)

   It affects your intelligence (+4).
   It protects you from fire.
   It insulates you from electricity.
   It protects you from negative energy.
 T - a +1 cloak of invisibility (worn)
Jewellery
 v - an uncursed ring of poison resistance
 G - a ring of protection from magic (right hand)
 O - a ring of stealth (left hand)
Magical devices
 d - a wand of invisibility (3)
 u - a wand of heal wounds (7)
 x - a wand of cold (9)
 B - a wand of random effects (33)
 D - a wand of magic darts (23)
 E - a wand of flame (25)
 I - a wand of polymorph (9)
 M - a wand of magic darts (22)
 Q - a wand of polymorph (5)
Scrolls
 e - 10 scrolls of remove curse
 j - 3 scrolls of fog
 m - 4 scrolls of noise
 q - 2 scrolls of teleportation
 s - a scroll of magic mapping
 z - 2 scrolls of enchant weapon
 J - a scroll of holy word {unknown}
 S - a scroll of fear {unknown}
Potions
 a - a potion of cancellation
 g - 3 potions of curing
 i - a potion of agility
 k - 5 potions of resistance {unknown}
 n - 2 potions of brilliance
 w - 3 potions of might
 A - 2 potions of magic {unknown}
 K - a potion of lignification {unknown}
 L - a potion of flight {unknown}
Books
 h - a Necronomicon {highlevel, unknown}

   This book is beyond your current level of understanding.

   Spells                             Type                      Level
   a - Haunt                          Necromancy/Summoning         7
   b - Borgnjor's Revivification      Necromancy                   8
   c - Death's Door                   Charms/Necromancy            8
   d - Necromutation                  Transmutation/Necromancy     8
   Trog disapproves of the use of such an item.
 P - a book of Death

   Spells                             Type                      Level
   a - Corpse Rot                     Necromancy                   2
   b - Sublimation of Blood           Necromancy                   2
   c - Agony                          Necromancy                   5
   d - Dispel Undead                  Necromancy                   5
   e - Excruciating Wounds            Charms/Necromancy            5
   f - Bolt of Draining               Conjuration/Necromancy       5
   Trog disapproves of the use of such an item.
 R - a book of Minor Magic

   Spells                             Type                      Level
   a - Magic Dart                     Conjuration                  1
   b - Blink                          Translocation                2
   c - Call Imp                       Summoning                    2
   d - Repel Missiles                 Charms/Air                   2
   e - Slow                           Hexes                        2
   f - Conjure Flame                  Conjuration/Fire             3
   g - Mephitic Cloud                 Conjuration/Poison/Air       3
   Trog disapproves of the use of such an item.
Comestibles
 b - a beef jerky
 c - 5 meat rations
 l - 10 bread rations
 r - 4 fruits
 F - a slice of pizza
 H - 8 royal jellies


   Skills:
 + Level 12.2 Fighting
 * Level 15.9 Maces & Flails
 + Level 8.3 Throwing
 + Level 7.5 Armour
 - Level 5.5 Dodging
 + Level 5.8 Shields


You had 11 spell levels left.
You didn't know any spells.

Dungeon Overview and Level Annotations

Branches:
Dungeon (13/15)            Temple (0/1) D:5            Lair (0/8) D:9
    Orc (0/4) D:11
 Vaults: D:13-14

Altars:
Dithmenos
Elyvilon
Fedhas
Nemelex Xobeh
Qazlal
Vehumet
Xom
The Shining One
Beogh

Shops:
D:4 }


Innate Abilities, Weirdness & Mutations

You are too large for most types of armour.
You have tough skin (AC +1).
Your flesh is cold resistant.
You are somewhat resistant to further mutation.
Your system is resistant to poisons.


Message History

The death drake bites you but does no damage.
The death drake bites you.
* * * LOW HITPOINT WARNING * * *
Drink which item? (? for menu, Esc to quit)
You can't drink that!
You are engulfed in dark miasma.
* * * LOW HITPOINT WARNING * * *
You feel sick. You block the death drake's attack.
The death drake breathes miasma at you. The foul vapour engulfs you!
You are more poisoned.
You feel your flesh start to rot away!
* * * LOW HITPOINT WARNING * * *
You are engulfed in dark miasma.
You feel your flesh rotting away!
* * * LOW HITPOINT WARNING * * *
You feel the effects of Trog's Hand fading.
* * * LOW HITPOINT WARNING * * *
You feel very sick. The death drake bites you.
You die...

.................#
.......##........#
##+######........#
#.. #........# #.#
####.##### #.# #...#
#.# ###.# #.#
####§###### #.######
#.§§§§@.§§#
.......##########k###
.........##.........#
.......#..+.###.###.#
.......# #...# .#
.......# ##### #
###.#### ....# ##+#
.#### #..


You could see a death drake shaped shifter.

Vanquished Creatures
  A minotaur (Lab)
  A centaur warrior (D:13)
  The ghost of Rayvis the Cleaver, an experienced DsFi of Makhleb (Bailey)
  Erolcha (D:13)
  An orc knight (Bailey)
  2 ugly things
  5 hill giants
  A wolf spider zombie (D:13)
  A slime creature (D:12)
  2 cyclopes (D:13)
  Maurice (D:10)
  A two-headed ogre (D:11)
  A queen bee (shapeshifter) (D:13)
  A queen bee (D:11)
  3 trolls
  Prince Ribbit (D:9)
  A shadow (D:11)
  18 yaks
  2 deep elf magi (D:10)
  2 basilisks (D:9)
  2 wraiths
  A hippogriff (D:8)
  A hungry ghost (D:12)
  A water moccasin (D:7)
  2 porcupines (D:9)
  5 ice beasts
  2 soldier ants (D:13)
  2 eyes of draining
  4 orc warriors
  3 black bears
  7 centaurs
  2 necrophages
  4 phantoms
  A sky beast (D:7)
  2 ogres
  Duvessa (D:8)
  A crocodile (D:13)
  11 giant frogs
  4 scorpions
  A wyvern skeleton (D:13)
  4 wights (D:9)
  21 killer bees
  A goliath beetle (D:9)
  Dowan (D:8)
  6 crimson imps
  2 giant frog zombies
  9 orc priests
  A centaur zombie (D:5)
  2 centaur skeletons
  A quasit (D:6)
  4 hounds
  5 jellies
  3 giant frog skeletons
  10 iguanas
  11 orc wizards
  7 worker ants
  3 sheep (D:13)
  Ijyb (D:2)
  A hound skeleton (D:7)
  A hound zombie (D:10)
  2 worker ant zombies (D:7)
  7 gnolls
  11 adders
  2 river rats
  A shadow imp (D:7)
  A worm (D:3)
  4 giant mites
  An adder zombie (D:6)
  4 giant geckos
  45 orcs
  2 bat skeletons
  A bat zombie (D:7)
  7 giant cockroaches
  18 hobgoblins
  A quokka (D:4)
  2 ball pythons
  13 bats
  A giant gecko zombie (D:7)
  A giant newt (D:7)
  14 goblins
  14 jackals
  14 kobolds
  15 rats
  11 ballistomycetes
  A fungus (D:5)
391 creatures vanquished.

Vanquished Creatures (collateral kills)
  Josephine (D:13)
  4 slime creatures
  3 wraiths (D:13)
  An orc (Bailey)
9 creatures vanquished.

Vanquished Creatures (others)
  An ogre (D:13)
  2 giant spores
3 creatures vanquished.

Grand Total: 403 creatures vanquished

Notes
Turn   | Place    | Note
--------------------------------------------------------------
     0 | D:1      | inmateoo, the Ogre Berserker, began the quest for the Orb.
     0 | D:1      | Reached XP level 1. HP: 24/24 MP: 1/1
   382 | D:1      | Reached XP level 2. HP: 22/32 MP: 2/2
   626 | D:1      | Acquired Trog's second power
   804 | D:1      | Reached XP level 3. HP: 30/39 MP: 3/3
  1488 | D:2      | Found a glowing golden altar of the Shining One.
  1692 | D:2      | Found a sparkling altar of Nemelex Xobeh.
  1692 | D:2      | Noticed Ijyb
  1706 | D:2      | Killed Ijyb
  1706 | D:2      | Reached XP level 4. HP: 40/49 MP: 4/4
  1707 | D:2      | Found a white marble altar of Elyvilon.
  1755 | D:3      | Reached skill level 5 in Maces & Flails
  1813 | D:3      | Found a radiant altar of Vehumet.
  2008 | D:3      | Reached skill level 5 in Fighting
  2188 | D:3      | Reached XP level 5. HP: 53/57 MP: 5/5
  2390 | D:4      | Found a shimmering altar of Xom.
  2422 | D:4      | Gained mutation: Your system is resistant to poisons. [potion of mutation]
  2422 | D:4      | Gained mutation: Your flesh is cold resistant. [potion of mutation]
  2422 | D:4      | Gained mutation: You are somewhat resistant to further mutation. [potion of mutation]
  2428 | D:4      | HP: 2/57 [worker ant (5)]
  2432 | D:4      | Reached skill level 6 in Maces & Flails
  2432 | D:4      | Reached XP level 6. HP: 20/66 MP: 6/6
  2794 | D:4      | Found Aryurch's Gadget Boutique.
  3050 | D:4      | You fall through a shaft for 3 floors!
  3064 | D:7      | Noticed a water moccasin
  3077 | D:7      | Killed a water moccasin
  3137 | D:7      | Reached XP level 7. HP: 49/75 MP: 7/7
  3198 | D:7      | Reached skill level 7 in Maces & Flails
  3571 | D:7      | Reached skill level 8 in Maces & Flails
  3623 | D:7      | Reached XP level 8. HP: 66/84 MP: 8/8
  3821 | D:7      | Acquired Trog's third power
  4147 | D:6      | Reached skill level 9 in Maces & Flails
  4618 | D:5      | Entered Level 5 of the Dungeon
  4776 | D:5      | Reached skill level 10 in Maces & Flails
  4776 | D:5      | Reached XP level 9. HP: 82/96 MP: 9/9
  5240 | D:5      | Found a staircase to the Ecumenical Temple.
  5395 | D:4      | Reached skill level 1 in Throwing
  5411 | D:4      | Reached skill level 5 in Dodging
  5545 | D:8      | Noticed Duvessa
  5545 | D:8      | Noticed Dowan
  5557 | D:8      | Killed Duvessa
  5563 | D:8      | Killed Dowan
  5653 | D:8      | Found a flagged portal.
  5708 | Bailey   | Entered a bailey
  5936 | Bailey   | Noticed Rayvis' ghost (experienced DsFi)
  5971 | Bailey   | Killed Rayvis' ghost
  5971 | Bailey   | Reached skill level 11 in Maces & Flails
  6250 | Bailey   | Noticed an orc knight
  6612 | Bailey   | Noticed an orc knight
  6628 | Bailey   | Killed an orc knight
  6628 | Bailey   | Reached skill level 5 in Armour
  6891 | Bailey   | Got a warped shield
  6897 | Bailey   | Identified the +5 shield of the Eleven Moons {rElec rF+ rN+ Int+4} (You found it in a bailey)
  7159 | D:8      | Reached XP level 10. HP: 52/107 MP: 10/10
  7182 | D:8      | Noticed a hill giant
  7193 | D:8      | Killed a hill giant
  7193 | D:8      | Reached skill level 1 in Shields
  7313 | D:8      | Found a blossoming altar of Fedhas.
  7348 | D:8      | Found a shadowy altar of Dithmenos.
  7446 | D:8      | Reached skill level 12 in Maces & Flails
  7822 | D:9      | Found a staircase to the Lair.
  7940 | D:9      | Noticed Prince Ribbit
  8407 | D:9      | Reached skill level 5 in Throwing
  8413 | D:9      | Reached skill level 10 in Fighting
  8413 | D:9      | Reached skill level 13 in Maces & Flails
  8434 | D:9      | Reached XP level 11. HP: 67/117 MP: 11/11
  8666 | D:9      | Killed Prince Ribbit
  8743 | D:10     | Entered Level 10 of the Dungeon
  8982 | D:10     | Noticed a hill giant
  8994 | D:10     | Killed a hill giant
  9033 | D:10     | Noticed Maurice
  9093 | D:10     | Killed Maurice
  9677 | D:10     | Received a gift from Trog
  9976 | D:11     | Reached skill level 14 in Maces & Flails
 10124 | D:11     | Found a staircase to the Orcish Mines.
 10134 | D:11     | Found a roughly hewn altar of Beogh.
 10265 | D:11     | Noticed a hill giant
 10274 | D:11     | Killed a hill giant
 10330 | D:11     | Received a gift from Trog
 10821 | D:12     | Noticed a hill giant
 10835 | D:12     | Killed a hill giant
 10940 | D:12     | Found a labyrinth entrance.
 10945 | D:12     | Noticed a hill giant
 10951 | D:12     | Reached XP level 12. HP: 130/130 MP: 12/12
 10957 | D:12     | Killed a hill giant
 11010 | Lab      | Entered a labyrinth
 11415 | Lab      | Noticed a minotaur
 11431 | Lab      | Killed a minotaur
 11434 | Lab      | Got a jewelled long sword {antimagic}
 11473 | Lab      | Got an ebony morningstar
 11474 | Lab      | Identified the cursed -2 morningstar of the Blowfly {antimagic, rN+ Stlth+} (You found it in a labyrinth)
 11482 | Lab      | Identified the +10 long sword "Clocel Secw" {antimagic, -Cast +Rage rF+ rC- rN+} (You took it off a minotaur in a labyrinth)
 11524 | D:12     | Found a stormy altar of Qazlal.
 11580 | D:12     | Reached skill level 15 in Maces & Flails
 11956 | D:12     | Reached skill level 5 in Shields
 12496 | D:13     | Noticed Josephine
 12499 | D:13     | Killed Josephine
 12609 | D:13     | HP: 3/132 [white ugly thing (33)]
 12623 | D:13     | HP: 2/132 [white ugly thing (21)]
 12703 | D:13     | Upgraded the game from 0.16.1-2-g95b8d4c to 0.16.1-4-g8e1b745
 12895 | D:13     | Noticed a centaur warrior
 12920 | D:13     | Killed a centaur warrior
 12932 | D:13     | Noticed Erolcha
 12938 | D:13     | Killed Erolcha
 13280 | D:13     | HP: 5/132 [death drake (shapeshifter)] (9)]
 13280 | D:13     | Slain by a death drake (shapeshifter)

Action                   |  1- 3 |  4- 6 |  7- 9 | 10-12 || total
-------------------------+-------+-------+-------+-------++-------
Melee: Mace              |   140 |   166 |   220 |   689 ||  1215
       Flail             |       |       |    97 |   333 ||   430
       Spear             |       |       |    84 |       ||    84
Throw: Large rock        |       |       |       |     1 ||     1
Invok: Trog's Hand       |       |     4 |    11 |    10 ||    25
       Berserk           |       |     2 |     7 |     5 ||    14
       Burn Spellbooks   |       |       |     2 |       ||     2
       Brothers in Arms  |       |       |     1 |     3 ||     4
  Use: Potion            |       |     4 |     2 |     3 ||     9
       Scroll            |       |     1 |    11 |     7 ||    19
 Stab: Sleeping          |       |       |     1 |       ||     1
  Eat: Chunk             |     3 |     5 |    15 |    24 ||    47
       Pizza             |       |     1 |     1 |       ||     2
       Beef jerky        |       |       |     2 |       ||     2
       Meat ration       |       |       |     1 |       ||     1
       Fruit             |       |       |       |     3 ||     3
